 Dungeon Crawl Stone Soup version 0.19-a0-1704-gbd66c22 (webtiles) character file.

308 GrosslyIncandescent the Insei (level 6, -3/47 HPs)
             Began as a Mummy Monk on Sept 27, 2016.
             Slain by a killer bee (7 damage)
             ... on level 2 of the Dungeon.
             The game lasted 00:07:27 (12738 turns).

GrosslyIncandescent the Insei (Mummy Monk)         Turns: 12738, Time: 00:07:29

Health: -3/47      AC:  3    Str: 14    XL:     6   Next: 16%
Magic:  6/6        EV: 14    Int: 13    God:
Gold:   137        SH:  0    Dex: 16    Spells: 0 memorised, 5 levels left

rFire  x . .     SeeInvis .       - Unarmed
rCold  + . .     Gourm    .     (no armour)
rNeg   + + +     Faith    .     (no shield)
rPois  ∞         Spirit   .     (no helmet)
rElec  .         Dismiss  .     d - +1 cloak
rCorr  .         Reflect  .     (no gloves)
MR     .....     Harm     .     (no boots)
Stlth  ++........               (no amulet)
                                e - +3 ring of intelligence
                                (no ring)

@: no status effects
A: no food or potions, fire vulnerability, cold resistance 1, negative energy
resistance 3, torment resistance, unbreathing
a: no special abilities


You were on level 2 of the Dungeon.
You were not hungry.

You visited 1 branch of the dungeon, and saw 4 of its levels.

You collected 273 gold pieces.
You spent 136 gold pieces at shops.


Innate Abilities, Weirdness & Mutations

You do not eat or drink.
Your flesh is vulnerable to fire.
You are immune to poison.
Your flesh is cold resistant. (rC+)
You are immune to negative energy. (rN+++)
You are immune to unholy pain and torment.
You can survive without breathing.


   Skills:
 - Level 3.0 Fighting
 + Level 3.7 Dodging
 - Level 1.5 Stealth
 - Level 5.0 Unarmed Combat


You had 5 spell levels left.
You didn't know any spells.

Inventory:

Armour
 d - a +1 cloak (worn)
Jewellery
 e - a +3 ring of intelligence (right hand)
 f - an uncursed amulet of magic regeneration {unknown}
Scrolls
 a - a scroll of fear
 b - a scroll of immolation {!r}
 c - 3 scrolls of teleportation {@r4}

Dungeon Overview and Level Annotations

Branches:
Dungeon (4/15)
 Temple: D:4-7

Altars:

Shops:
D:4 ?

Annotations:
D:2 exclusion: upstairs
D:4 exclusions: ogre and orc priest

▒▒▒▒▒.▒▒▒ ▒▒...▒▒
▒.......▒▒▒.....▒▒
▒.▒.▒.▒.▒▒.......▒
▒.....▒.▒.....(...
▒.......'.........
▒....▒▒.▒.........
▒....▒▒.▒▒.......▒
▒.y.....▒▒▒.....▒▒
▒M▒▒▒▒▒▒▒ ▒▒...▒▒
▒.▒▒▒▒▒▒ ▒▒+▒▒
▒.▒▒...▒ ▒.▒
▒▒.▒▒!..▒▒▒ ▒.▒
▒.........▒ ▒▒.▒▒▒▒
▒.▒.......▒▒▒......
▒.........▒▒....!▒▒
▒▒.▒▒....▒▒▒▒...)..
▒.▒▒....▒ ▒..▒.▒▒


You could see a killer bee.


Message History

The killer bee stings you!
You are too injured to fight recklessly!!!
You are too injured to fight recklessly!!!
You are too injured to fight recklessly!!!
You are too injured to fight recklessly!!!
You are too injured to fight recklessly!!!
You pulverise the killer bee!
The killer bee is moderately wounded!
The killer bee stings you! x2 * * * don't die
* * * You pulverise the killer bee!
The killer bee is moderately wounded!
The killer bee misses you!
You barely miss the killer bee! Your punch misses the killer bee!
The killer bee is moderately wounded!
The killer bee stings you! * * * don't die
* * * The killer bee misses you!
You pulverise the killer bee!
The killer bee is moderately wounded!
The killer bee misses you!
The killer bee stings you! * * * don't die
* * * You barely miss the killer bee!
The killer bee is moderately wounded!
The killer bee misses you!
The killer bee stings you! * * * don't die
* * * You barely miss the killer bee!
The killer bee is moderately wounded!
The killer bee stings you!!! rip

Action                   |  1- 3 |  4- 6 || total
-------------------------+-------+-------++-------
Melee: Unarmed           |   161 |   231 ||   392
       Punch             |     4 |     6 ||    10
  Use: Scroll            |       |     7 ||     7
 Stab: Sleeping          |     4 |     3 ||     7
       Distracted        |     1 |       ||     1
Armor: Skin              |    25 |    30 ||    55
Dodge: Dodged            |   115 |   109 ||   224

Vault maps used:
D:1:      dpeg_arrival_solitude
D:4:      first_bread, serial_shops, shop, mrwooster_statue_mirror

Notes
Turn   | Place    | Note
-------+----------+-------------------------------------------
     0 | D:1      | GrosslyIncandescent the Mummy Monk began the quest for the Orb.
     0 | D:1      | Reached XP level 1. HP: 18/18 MP: 1/1
   311 | D:1      | Reached XP level 2. HP: 22/24 MP: 2/2
   339 | D:1      | Reached skill level 3 in Unarmed Combat
  1026 | D:2      | Reached XP level 3. HP: 14/29 MP: 3/3
  1979 | D:2      | Reached skill level 4 in Unarmed Combat
  2053 | D:2      | Reached XP level 4. HP: 23/35 MP: 4/4
  3398 | D:4      | Found Tebooh's Magic Scroll Boutique.
  3404 | D:4      | Bought a scroll of remove curse for 39 gold pieces
  3404 | D:4      | Bought a scroll of enchant armour for 97 gold pieces
  3765 | D:4      | Reached XP level 5. HP: 32/41 MP: 5/5
  3789 | D:4      | Reached skill level 5 in Unarmed Combat
  4258 | D:3      | HP: 4/41 [something/magic dart (4)]
  4621 | D:4      | Reached skill level 3 in Dodging
  4911 | D:4      | Noticed an ogre
  7515 | D:1      | Reached XP level 6. HP: 31/47 MP: 6/6
 10777 | D:1      | Noticed a gargoyle
 12737 | D:2      | HP: 4/47 [killer bee (5)]
 12738 | D:2      | Slain by a killer bee

Vanquished Creatures
  A hound (D:4)
  A bullfrog skeleton (D:4)
  2 orc wizards
  A worker ant (D:1)
  A hound skeleton (D:4)
  4 adders
  3 oozes
  A worm (D:3)
  3 dart slugs
  5 leopard geckos
  4 orcs
  4 giant cockroaches
  7 goblins
  13 hobgoblins
  2 jackals (D:1)
  8 kobolds
  3 quokkas
  10 bats
  9 frilled lizards
  14 rats
96 creatures vanquished.
